 Seeded DCSS version 0.31-a0-496-g6f97920a28 (webtiles) character file.

Game seed: 7415222406553760909 (custom seed)

84 innerfire43 the Trooper (level 4, -3/35 HPs)
             Began as a Demonspawn Monk on Aug 8, 2023.
             Slain by Robin
             ... wielding a +0 trident
              (5 damage)
             ... on level 2 of the Dungeon.
             The game lasted 00:02:02 (1075 turns).

innerfire43 the Trooper (Demonspawn Monk)           Turns: 1075, Time: 00:02:03

Health: -3/35      AC:  3    Str: 13    XL:     4   Next: 24%
Magic:  4/4        EV: 13    Int: 11    God:
Gold:   92         SH:  0    Dex: 16    Spells: 3/3 levels left

rFire   . .          .
                       - Unarmed
rCold   + . .        (no shield)
rNeg    . . .        l - +1 robe {rC+}
rPois   +            (no helmet)
rElec   .            (no cloak)
rCorr   .            (no gloves)
SInv    .            (no boots)
Will    .....        (no amulet)
Stlth   +            d - ring of wizardry
HPRegen 0.25/turn    m - ring of poison resistance
MPRegen 0.09/turn

%: wizardry (x1)
@: unable to drink
A: spiny 1, inability to drink after injury 1, MP-powered wands
a: no special abilities


You were on level 2 of the Dungeon.
You visited 1 branch of the dungeon, and saw 3 of its levels.

You collected 92 gold pieces.

Inventory:

Armour
 a - a +0 robe
 c - an orb of light
 l - a +1 robe of cold resistance (worn)
Jewellery
 b - a ring of positive energy
 d - a ring of wizardry (left hand)
 h - a ring of wizardry
 m - a ring of poison resistance (right hand)
Talismans
 f - a flux talisman
Scrolls
 g - a scroll of teleportation {unknown}
 i - a scroll of identify {unknown}
 k - a scroll of poison {unknown}
Potions
 j - a potion of lignification {unknown}


   Skills:
 - Level 3.0 Fighting
 - Level 3.0 Dodging
 - Level 3.0 Unarmed Combat
 * Level 2.5 Shapeshifting


You had 3 spell levels left.
You didn't know any spells.
Your spell library was empty.

Dungeon Overview and Level Annotations

Branches:
Dungeon (3/15)

Altars:

Shops:
D:1 ?

Annotations:
D:2 Robin


Innate Abilities, Weirdness & Mutations

You are partially covered in sharp spines.
You occasionally lose the ability to drink potions when taking damage.
You expend magic power (3 MP) to strengthen your wands.


Message History

Unknown command.
You hit the endoplasm.
The endoplasm is moderately wounded.
The endoplasm misses you. Robin throws the goblin at you!
You hit the endoplasm.
The endoplasm is heavily wounded.
The goblin no longer looks unusually strong.
The endoplasm is struck by your spines.
You kill the endoplasm!
The goblin is struck by your spines.
You kill the goblin!
Robin barely misses you. The bat is struck by your spines.
The bat closely misses you. Robin is struck by your spines.
Robin hits you with a +0 trident!
There is an open door, spattered with blood here.
Items here: ) †††.
Unknown command.
You barely miss the bat.
The bat is severely wounded.
The bat is struck by your spines.
You kill the bat!
Robin hits you with a +0 trident.
* * * LOW HITPOINT WARNING * * *
Unknown command.
You barely miss Robin.
Robin is lightly wounded.
Robin is struck by your spines. Robin hits you with a +0 trident.
* * * LOW HITPOINT WARNING * * *
Unknown command.
You barely miss Robin.
Robin is moderately wounded.
Robin is struck by your spines. Robin hits you with a +0 trident.
* * * LOW HITPOINT WARNING * * *
Unknown command.
It was a potion of mutation.
You feel extremely strange.
You occasionally lose the ability to drink potions when taking damage.
You feel your magical essence link to the dungeon's wands.
Robin hits you with a +0 trident.
You feel threatened and lose the ability to drink potions!
You die...

#..................##########.#
###############....## #.#
#########.....#########.#
........#..#.............
........#..##.##.########
........#..##.##.#
........#..##....#
.......g#........#
.......†@.)#..#..#
........####..##.# ........#
#..##.# ......... #..##.#
......... ...##.. .........
###.# ## .........# #.. .......


You could see Robin.

Vanquished Creatures
  2 adders (D:2)
  A worm (D:2)
  A dart slug (D:2)
  3 bats
  An endoplasm (D:2)
  2 giant cockroaches (D:1)
  15 goblins
  7 hobgoblins
  7 jackals
  4 quokkas
  2 ball pythons (D:1)
  3 frilled lizards
  3 kobolds
  3 rats
54 creatures vanquished.

Notes
Turn   | Place    | Note
-------+----------+-------------------------------------------
     0 | D:1      | innerfire43 the Demonspawn Monk began the quest for the
                  | Orb.
     0 | D:1      | Reached XP level 1. HP: 18/18 MP: 1/1
    87 | D:1      | Gained mutation: You are partially covered in sharp spines.
                  | [demonic ancestry]
    87 | D:1      | Reached XP level 2. HP: 21/24 MP: 2/2
   167 | D:1      | Reached skill level 1 in Shapeshifting
   245 | D:1      | Reached XP level 3. HP: 29/29 MP: 3/3
   402 | D:1      | Found Onoqawk's Magic Scroll Emporium.
  1052 | D:2      | Noticed Robin
  1061 | D:2      | Reached XP level 4. HP: 17/35 MP: 4/4
  1075 | D:2      | Gained mutation: You occasionally lose the ability to drink
                  | potions when taking damage. [potion of mutation]
  1075 | D:2      | Gained mutation: You expend magic power (3 MP) to
                  | strengthen your wands. [potion of mutation]
  1075 | D:2      | Slain by Robin

Illustrated notes

Levels and vault maps discovered:
D:1:      spicycebolla_green_bress_n_ham_2, layout_rooms, serial_shops, shop,
          minmay_misc_feat_hallway
D:2:      layout_basic, uniq_robin
D:3:      minmay_evil_eye, layout_basic,
          mainiacjoe_overflow_concentric_impassable, lemuel_tele_altar,
          gammafunk_temple_overflow_arena, nemelex_altar_shiori,
          kennysheep_generic_room_6

Skill      XL: |  1  2  3 |
---------------+----------+-----
Shapeshifting  | 1 2 |  2.5
Dodging        | 3 |  3.0
Unarmed Combat | 3 |  3.0
Fighting       | |  3.0

Action                     |  1- 3 |  4- 6 || total
---------------------------+-------+-------++-------
  Melee: Unarmed           |   114 |    11 ||   125
         Punch             |     1 |       ||     1
    Use: Potion            |     1 |     3 ||     4
 Armour: Robe              |    28 |     1 ||    29
  Dodge: Dodged            |   107 |    12 ||   119

Table legend: (Time is in decaauts)
 A = Elapsed time spent in this place.
 B = Non-inter-level travel time spent in this place.
 C = Inter-level travel time spent in this place.
 D = Time resting spent in this place.
 E = Time spent auto-exploring this place.
 F = Levels seen in this place.
 G = Mean time per level.
                   A        B        C        D        E       F      G
               +--------+--------+--------+--------+--------+-----+--------+
         Total |   1069 |   1058 |     11 |      0 |    700 |   3 |  356.3 |
       Dungeon |   1069 |   1058 |     11 |      0 |    700 |   3 |  356.3 |
               +--------+--------+--------+--------+--------+-----+--------+

Top non-repeatable levels by time:
     D:1: 529 daAuts
     D:2: 456 daAuts
     D:3: 82 daAuts
